 Dungeon Crawl Stone Soup version 0.29-a0-297-g7659ce593d (webtiles) character file.

Game seed: 11431446761213162910

26046 kae the Arsonist (level 13, -6/77 (80) HPs)
             Began as a Tengu Fire Elementalist on Mar 21, 2022.
             Was an Elder of Vehumet.
             Mangled by a shadow (19 damage)
             ... on level 11 of the Dungeon.
             The game lasted 00:17:09 (22025 turns).

kae the Arsonist (Tengu Fire Elementalist)         Turns: 22025, Time: 00:17:09

HP:   -6/77 (80)    AC:  7    Str: 10    XL:     13   Next: 23%
MP:   9/26          EV: 19    Int: 26    God:    Vehumet [****..]
Gold: 733           SH:  5    Dex: 17    Spells: 5/29 levels left

rFire   + + .      SeeInvis .   l - +4 glaive "Lapnie" {speed, rF+ rC+}
rCold   + . .      Faith    .   (shield currently unavailable)
rNeg    . . .      Spirit   .   k - +0 leather armour
rPois   .          Reflect  +   (helmet restricted)
rElec   .          Harm     .   p - +1 cloak
rCorr   .          Rampage  .   (no gloves)
Will    .....                   (boots unavailable)
Stlth   ++........              e - amulet of reflection
HPRegen 0.22/turn               h - +6 ring of intelligence
MPRegen 0.20/turn               q - ring of the Octopus King {rF+ AC+1 EV+1 Str+1 Int+1 Dex+1}

@: flying quickly and evasively, lightly drained, quick
A: beak, talons 3, nimble flight
a: Renounce Religion


You were on level 11 of the Dungeon.
You worshipped Vehumet.
Vehumet was greatly pleased with you.
You visited 2 branches of the dungeon, and saw 13 of its levels.
You also visited: Bailey.

You collected 733 gold pieces.

Inventory:

Hand Weapons
 i - a +0 long sword
 l - the +4 glaive "Lapnie" (weapon) {speed, rF+ rC+}
   (You acquired it on level 9 of the Dungeon)

   Attacks with this weapon are significantly faster.
   rF:        It protects you from fire.
   rC:        It protects you from cold.
 m - a +3 vorpal trident
Armour
 k - a +0 leather armour (worn)
 p - a +1 cloak (worn)
Jewellery
 e - an amulet of reflection (around neck)
 h - a +6 ring of intelligence (left hand)
 q - a ring of the Octopus King (right hand) {rF+ AC+1 EV+1 Str+1 Int+1 Dex+1}
   (You found it on level 5 of the Dungeon)

   [ring of protection from fire]

   AC:        It affects your AC (+1).
   EV:        It affects your evasion (+1).
   Str:       It affects your strength (+1).
   Int:       It affects your intelligence (+1).
   Dex:       It affects your dexterity (+1).
   rF:        It protects you from fire.
 t - a ring of resist corrosion
 x - a ring of ice
 D - a ring of poison resistance
Wands
 s - a wand of iceblast (28)
 v - a wand of flame (18)
Scrolls
 n - 8 scrolls of identify
 r - a scroll of enchant armour
 u - a scroll of summoning
 w - 2 scrolls of amnesia
 y - a scroll of magic mapping
 A - 3 scrolls of teleportation
 B - 3 scrolls of enchant weapon
 C - a scroll of blinking
Potions
 a - 2 potions of haste
 b - 4 potions of magic
 c - 2 potions of attraction
 d - 2 potions of might
 f - 5 potions of heal wounds
 g - 4 potions of lignification
 j - 2 potions of curing
 o - a potion of cancellation
 z - 2 potions of mutation


   Skills:
 + Level 9.0 Fighting
 - Level 6.7 Armour
 - Level 7.2 Dodging
 - Level 2.0 Stealth
 + Level 8.5 Spellcasting
 + Level 11.9 Conjurations
 * Level 14.2 Fire Magic


You had 5 spell levels left.
You knew the following spells:

 Your Spells              Type           Power      Damage    Failure   Level
a - Foxfire               Conj/Fire      100%       2x1d9     1%          1
b - Scorch                Fire           100%       2d10      1%          2
c - Conjure Flame         Conj/Fire      68%        6-21      1%          3
d - Inner Flame           Hex/Fire       48%        N/A       1%          3
e - Flame Wave            Conj/Fire      68%        2d13      1%          4
f - Fireball              Conj/Fire      34%        3d14      1%          5
g - Starburst             Conj/Fire      34%        6d10      1%          6

Your spell library contained the following spells:

 Spells                   Type           Power      Damage    Failure   Level
 Olgreb's Toxic Radiance  Pois           11%        N/A       17%         4
 Frozen Ramparts          Ice            22%        1d4       5%          3
 Slow                     Hex            44%        N/A       7%          1
 Confusing Touch          Hex            11%        N/A       21%         3
 Gell's Gravitas          Tloc           11%        N/A       21%         3
 Lesser Beckoning         Tloc           11%        N/A       21%         3
 Teleport Other           Tloc           11%        N/A       21%         3
 Vampiric Draining        Necr           11%        2d6       21%         3
 Animate Armour           Summ/Erth      22%        N/A       56%         4
 Ice Form                 Ice/Tmut       11%        N/A       56%         4
 Summon Ice Beast         Ice/Summ       11%        N/A       56%         4
 Blade Hands              Tmut           5%         N/A       88%         5
 Iron Shot                Conj/Erth      21%        9d5       22%         6
 Ignition                 Fire           35%        3d11      30%         8


Dungeon Overview and Level Annotations

Branches:
Dungeon (12/15)            Temple (1/1) D:4            Lair (0/6) D:10
    Orc (0/2) D:12         Bailey (visited)

Altars:
Ashenzari
Cheibriados
Dithmenos
Elyvilon
Fedhas
Gozag
Hepliaklqana
Kikubaaqudgha
Makhleb
Nemelex Xobeh
Okawaru
Qazlal
Ru
Sif Muna
Trog
Uskayaw
Vehumet
Wu Jian
Xom
Yredelemnul
Zin
The Shining One

Shops:
D:8 (

Annotations:
D:12 exclusion: oklob plant


Innate Abilities, Weirdness & Mutations

You have a beak for a mouth.
You have claws for feet.
Your magical nature lets you fly swiftly and evasively.


Message History

Confirm with . or Enter, or press ? or * to list all spells.
You conjure some foxfire!
The foxfire hits something. x2
The foxfire hits something but does no damage.
Casting: Foxfire (safe; 1% risk of failure)
Confirm with . or Enter, or press ? or * to list all spells.
You conjure some foxfire!
Your foxfire dissipates!
The foxfire hits something.
The foxfire hits something but does no damage.
The shadow strikes at you from the darkness!
* * * LOW HITPOINT WARNING * * *
Reactivating autopickup.
Casting: Foxfire (safe; 1% risk of failure)
Confirm with . or Enter, or press ? or * to list all spells.
You conjure some foxfire!
The shadow hits you.
The foxfire hits the shadow.
The shadow is moderately damaged.
The foxfire hits the shadow.
The shadow is heavily damaged.
You block the shadow's attack.
A shadow is nearby!
Casting: Foxfire (safe; 1% risk of failure)
Confirm with . or Enter, or press ? or * to list all spells.
You conjure some foxfire!
The shadow hits you!
* * * LOW HITPOINT WARNING * * *
The foxfire hits the shadow!
The shadow is severely damaged.
The foxfire hits the shadow.
The shadow is severely damaged.
You block the shadow's attack.
A shadow is nearby!
Casting: Foxfire (safe; 1% risk of failure)
Confirm with . or Enter, or press ? or * to list all spells.
You conjure some foxfire!
The shadow slips into darkness.
The shadow flickers and vanishes!
Deactivating autopickup; reactivate with Ctrl-A.
The foxfire hits something but does no damage. x2
The shadow strikes at you from the darkness!
You die...

#.......#.........#............#
#.......#.........#).######....#
###.....#'######'##))# #....#
..#............).....# #....#
..#..................# #....#
###.......###'#####..# #....#
..........#.......#..# #....#
..........#....{.§#..# #....#
..........#.....@.#..# #....#
#####.....#.....§.#..# #....#
#####.#########..# #)...#
#............######....#
#......................#
#......................#
#......................#
#########......................#
...............................#


There were no monsters in sight!

Vanquished Creatures
  2 vault guards (Bailey)
  A hydra (D:11)
  4 two-headed ogres
  A cyclops (D:12)
  An ugly thing (D:12)
  2 oklob plants (D:12)
  A manticore (D:11)
  An elephant (D:10)
  Maurice (D:12)
  3 gargoyles
  3 trolls
  A blink frog (Bailey)
  Prince Ribbit (D:9)
  2 hornets
  3 slime creatures (D:12)
  2 shadows
  A wyvern (D:10)
  3 yaks (D:11)
  A vampire (D:10)
  3 wraiths
  5 humans (Bailey)
  3 steam dragons
  A basilisk (D:12)
  3 vampire mosquitoes (D:11)
  3 acid dragons
  A floating eye (D:12)
  4 water moccasins
  3 black bears
  11 orc warriors
  2 ice beasts (D:6)
  3 sky beasts
  2 ogres
  2 centaurs
  2 kobold brigands
  11 bullfrogs (Bailey)
  3 gnoll sergeants
  A necrophage (D:4)
  6 scorpions
  3 wights (D:8)
  3 killer bees (D:9)
  5 howler monkeys
  2 jellies
  2 gnoll shamans (D:8)
  7 hounds
  4 orc priests
  Crazy Yiuf (D:4)
  4 iguanas
  Ijyb (D:5)
  Terence (D:3)
  Natasha (thrice) (D:3)
  11 orc wizards
  Robin (D:3)
  40 gnolls
  4 adders
  A shadow imp (D:5)
  A white imp (D:5)
  2 ufetubi
  3 worms
  3 dart slugs
  75 orcs
  8 endoplasms
  4 giant cockroaches
  18 goblins
  7 hobgoblins
  23 jackals
  14 kobolds
  3 quokkas (D:2)
  5 ball pythons
  4 bats
  5 frilled lizards
  2 rats
  3 bushes (D:12)
376 creatures vanquished.

Vanquished Creatures (collateral kills)
  11 foxfires (D:12)
11 creatures vanquished.

Vanquished Creatures (others)
  A killer bee (D:9)
  936 foxfires
  15 plants
952 creatures vanquished.

Grand Total: 1339 creatures vanquished

Notes
Turn   | Place    | Note
-------+----------+-------------------------------------------
     0 | D:1      | kae the Tengu Fire Elementalist began the quest for the
                  | Orb.
     0 | D:1      | Reached XP level 1. HP: 10/10 MP: 4/4
   152 | D:1      | Reached XP level 2. HP: 16/16 MP: 3/6
  1025 | D:1      | Found a faded altar of an unknown god.
  1081 | D:2      | Reached XP level 3. HP: 20/20 MP: 4/7
  1185 | D:2      | Learned a level 2 spell: Scorch
  1189 | D:2      | Learned a level 3 spell: Conjure Flame
  1285 | D:2      | Reached skill level 1 in Fighting
  1285 | D:2      | Reached skill level 4 in Fire Magic
  1506 | D:2      | Reached XP level 4. HP: 7/25 MP: 3/8
  2355 | D:3      | Gained mutation: Your magical nature lets you fly swiftly
                  | and evasively. [Tengu growth]
  2355 | D:3      | Reached XP level 5. HP: 30/30 MP: 6/10
  2634 | D:3      | Noticed Terence
  2662 | D:3      | Reached skill level 5 in Fire Magic
  2664 | D:3      | Killed Terence
  2699 | D:3      | Reached XP level 6. HP: 35/35 MP: 3/11
  3282 | D:3      | Noticed Robin
  3358 | D:3      | Killed Robin
  3576 | D:3      | Noticed Natasha
  3580 | D:3      | Killed Natasha
  3867 | D:3      | Reached XP level 7. HP: 40/40 MP: 9/13
  3919 | D:3      | Reached skill level 6 in Fire Magic
  4118 | D:3      | Noticed Natasha
  4124 | D:3      | Killed Natasha
  4366 | D:3      | Noticed Natasha
  4482 | D:3      | Killed Natasha
  6728 | D:4      | Reached skill level 5 in Conjurations
  7133 | D:4      | Reached skill level 7 in Fire Magic
  7133 | D:4      | Reached XP level 8. HP: 46/46 MP: 9/14
  7372 | D:4      | Found a staircase to the Ecumenical Temple.
  7430 | Temple   | Entered the Ecumenical Temple
  7937 | Temple   | Became a worshipper of Vehumet
  8450 | D:4      | Found a runed translucent door.
  8451 | D:4      | Noticed Crazy Yiuf
  8789 | D:4      | Killed Crazy Yiuf
  8893 | D:5      | Entered Level 5 of the Dungeon
  8893 | D:5      | Found the ring of the Octopus King
  8898 | D:5      | Identified a ring of the Octopus King {rF+ AC+1 EV+1 Str+1
                  | Int+1 Dex+1}
  9416 | D:5      | Reached skill level 8 in Fire Magic
  9847 | D:5      | Noticed Ijyb
  9863 | D:5      | Killed Ijyb
 10228 | D:6      | Learned a level 3 spell: Inner Flame
 10233 | D:6      | Learned a level 4 spell: Flame Wave
 10514 | D:6      | Noticed a troll
 10612 | D:6      | Reached XP level 9. HP: 52/52 MP: 12/17
 10763 | D:6      | Reached * piety under Vehumet
 10763 | D:6      | Offered knowledge of Freeze by Vehumet.
 10808 | D:6      | Noticed a hornet
 10819 | D:6      | Reached skill level 5 in Spellcasting
 10819 | D:6      | Paralysed by a hornet for 1 turns
 10820 | D:6      | Killed a hornet
 10821 | D:6      | Reached skill level 5 in Fighting
 10821 | D:6      | Reached skill level 9 in Fire Magic
 11002 | D:6      | Killed a troll
 11090 | D:6      | You are sucked into a shaft and drop 1 floor!
 11090 | D:7      | Found a stormy altar of Qazlal.
 12241 | D:7      | Reached skill level 10 in Fire Magic
 12520 | D:7      | Reached XP level 10. HP: 55/60 MP: 13/19
 13188 | D:8      | Offered knowledge of Magic Dart by Vehumet.
 13575 | D:8      | Reached ** piety under Vehumet
 13656 | D:8      | Found Piesek's Weapon Emporium.
 14690 | D:8      | Learned a level 5 spell: Fireball
 14877 | D:9      | Noticed Prince Ribbit
 14889 | D:9      | Killed Prince Ribbit
 14890 | D:9      | Reached skill level 11 in Fire Magic
 14988 | D:9      | Found a flagged portal.
 14997 | Bailey   | Entered a bailey
 15430 | Bailey   | Offered knowledge of Ignite Poison by Vehumet.
 15452 | Bailey   | Noticed a vault guard
 15480 | Bailey   | Killed a vault guard
 15481 | Bailey   | Reached skill level 12 in Fire Magic
 15481 | Bailey   | Reached XP level 11. HP: 49/67 MP: 10/22
 15577 | Bailey   | Noticed a vault guard
 15609 | Bailey   | Killed a vault guard
 15610 | Bailey   | Reached skill level 10 in Conjurations
 15726 | Bailey   | Learned a level 6 spell: Starburst
 15866 | D:9      | Reached XP level 12. HP: 65/72 MP: 23/23
 15963 | D:9      | Reached *** piety under Vehumet
 16825 | D:9      | Identified a scroll of acquirement
 16825 | D:9      | Acquired the +4 glaive "Lapnie" {speed, rF+ rC+}
 16835 | D:10     | Entered Level 10 of the Dungeon
 17073 | D:10     | Noticed a two-headed ogre
 17081 | D:10     | Killed a two-headed ogre
 17812 | D:10     | Offered knowledge of Dazzling Flash by Vehumet.
 17843 | D:10     | Found a staircase to the Lair.
 18717 | D:11     | Noticed a two-headed ogre
 18720 | D:11     | Killed a two-headed ogre
 18721 | D:11     | Reached skill level 13 in Fire Magic
 19015 | D:11     | Noticed a two-headed ogre
 19018 | D:11     | Killed a two-headed ogre
 19330 | D:11     | Noticed a four-headed hydra
 19336 | D:11     | Killed a four-headed hydra
 19592 | D:11     | Noticed a two-headed ogre
 19595 | D:11     | Killed a two-headed ogre
 19759 | D:11     | Reached **** piety under Vehumet
 20139 | D:12     | Paralysed by a floating eye for 4 turns
 20145 | D:12     | Paralysed by a floating eye for 3 turns
 20153 | D:12     | Paralysed by a floating eye for 4 turns
 20161 | D:12     | Paralysed by a floating eye for 4 turns
 20447 | D:12     | Reached XP level 13. HP: 79/79 MP: 12/26
 20744 | D:12     | Noticed Maurice
 20749 | D:12     | Killed Maurice
 20891 | D:12     | Found a staircase to the Orcish Mines.
 21275 | D:12     | Reached skill level 14 in Fire Magic
 21932 | D:12     | Offered knowledge of Olgreb's Toxic Radiance by Vehumet.
 22025 | D:11     | Mangled by a shadow

Illustrated notes

Levels and vault maps discovered:
D:1:      roderic_dead_forest, layout_loops_ring,
          hellmonk_ecumenical_altar_leap_of_faith, nicolae_wormholes
D:2:      layout_rooms, nicolae_figureground_pulse
D:3:      lemuel_castle_with_subvaults [lemuel_castle_interior_carwin_3],
          layout_rooms, serial_co_window_serial, co_window_corner_a,
          co_window_paths_a, co_window_paths_a, co_window_paths_a,
          co_window_of_opportunity_a, co_window_paths_a, co_window_cross_1,
          co_window_corner_cb, co_window_corner_b, co_window_of_opportunity_b,
          co_window_4corner_a, glass_columns_a, glass_columns_b,
          glass_columns_b, glass_columns_c, uniq_terence, uniq_robin,
          uniq_natasha
D:4:      layout_layer_cave, minmay_temple_entry_tees, nrook_mini_backslash,
          uniq_crazy_yiuf_cottage
D:5:      layout_cave_pods, minivault_4, uniq_ijyb
D:6:      layout_cave_pods, minmay_tree_intersection,
          amcnicky_mini_corridor_feature, kennysheep_pointless_box,
          kennysheep_small_square
D:7:      layout_rooms, nicolae_qazlal_scattered_showers, serial_corexii_hall,
          chequers_hall_statues_y, corexii_hall_statues_l,
          corexii_hall_statues_t
D:8:      layout_loops_corners, serial_shops, nicolae_shop_waterfront
D:9:      layout_long_grid, enter_bailey_3, uniq_prince_ribbit1
D:10:     layout_loops_corners, david_lair_generic, st_stairs_6
D:11:     layout_irregular_city
D:12:     layout_roguey, orc_david_3, special_room [special_room_orc],
          disabler_island, uniq_maurice
Temple:   mainiacjoe_temple_starburst

Skill      XL: |  1  2  3  4  5  6  7  8  9 10 11 12 13 |
---------------+----------------------------------------+-----
Conjurations   | 2 3 4 5 6 8 9 10 11 | 11.9
Fighting       | 1 2 3 4 5 7 8 9 |  9.0
Fire Magic     | 4 5 7 8 10 12 13 14 | 14.2
Spellcasting   | 3 4 5 7 8 |  8.5
Armour         | 6 |  6.7
Dodging        | 7 |  7.2
Stealth        | |  2.0

Action                   |  1- 3 |  4- 6 |  7- 9 | 10-12 | 13-15 || total
-------------------------+-------+-------+-------+-------+-------++-------
Melee: Unarmed           |     4 |       |       |       |       ||     4
       Peck              |     1 |     1 |     2 |     4 |       ||     8
       Long sword        |       |     9 |     3 |       |       ||    12
       Kick              |       |     1 |     1 |     3 |       ||     5
       Punch             |       |       |     1 |       |       ||     1
       Trident           |       |       |     1 |     1 |       ||     2
       Glaive            |       |       |       |    16 |     1 ||    17
 Cast: Foxfire           |    62 |   105 |   236 |   137 |    13 ||   553
       Conjure Flame     |       |     1 |     3 |     9 |     2 ||    15
       Scorch            |       |       |    66 |   168 |    31 ||   265
       Inner Flame       |       |       |     1 |    11 |    10 ||    22
       Flame Wave        |       |       |     1 |       |       ||     1
       Fireball          |       |       |       |    25 |    20 ||    45
       Starburst         |       |       |       |     7 |       ||     7
  Use: Scroll            |     3 |     4 |     9 |    10 |       ||    26
       Potion            |       |       |       |     2 |       ||     2
 Stab: Sleeping          |       |       |     1 |       |       ||     1
Armor: Robe              |     2 |       |       |       |       ||     2
       Leather armour    |       |    11 |    18 |    25 |     3 ||    57
Dodge: Dodged            |    11 |    33 |    43 |   147 |    31 ||   265
Block: Other             |       |       |    20 |    53 |    11 ||    84
       Reflection        |       |       |     1 |     2 |       ||     3

Table legend: (Time is in decaauts)
 A = Elapsed time spent in this place.
 B = Non-inter-level travel time spent in this place.
 C = Inter-level travel time spent in this place.
 D = Time resting spent in this place.
 E = Time spent auto-exploring this place.
 F = Levels seen in this place.
 G = Mean time per level.
                   A        B        C        D        E       F      G
               +--------+--------+--------+--------+--------+-----+--------+
         Total |  21028 |  20441 |    587 |   1445 |  16032 |  14 | 1502.0 |
       Dungeon |  19677 |  19182 |    495 |   1223 |  15243 |  12 | 1639.8 |
        Temple |    506 |    414 |     92 |      0 |    397 |   1 |  506.0 |
        Bailey |    843 |    843 |      0 |    222 |    391 |   1 |  843.0 |
               +--------+--------+--------+--------+--------+-----+--------+

Top non-repeatable levels by time:
     D:3: 3928 daAuts
     D:4: 1762 daAuts
    D:11: 1734 daAuts
    D:12: 1728 daAuts
    D:10: 1527 daAuts
     D:8: 1468 daAuts
     D:6: 1424 daAuts
     D:7: 1366 daAuts
     D:5: 1277 daAuts
     D:9: 1202 daAuts
     D:1: 1198 daAuts
     D:2: 1059 daAuts
  Bailey: 843 daAuts
  Temple: 506 daAuts
